 Dungeon Crawl Stone Soup version 0.21.1-1-g345015fe64 (webtiles) character file.

190613 Jhinris the Gelid (level 17, -11/117 HPs)
             Began as a Vampire Ice Elementalist on Feb 8, 2018.
             Was the Champion of Dithmenos.
             Killed from afar by Nikola (31 damage)
             ... with a chain lightning
             ... on level 2 of the Swamp.
             The game lasted 02:58:00 (53809 turns).

Jhinris the Gelid (Vampire Ice Elementalist)       Turns: 53809, Time: 02:58:01

Health: -11/117    AC: 26    Str:  4    XL:     17   Next: 55%
Magic:  42/53      EV: 19    Int: 39    God:    Dithmenos [******]
Gold:   2280       SH: 15    Dex: 14    Spells: 14/42 levels left

rFire    + . .     SeeInvis +   F - +6 mace of Ru's Whim {freeze, rPois MR+ Str-3 Int+5}
rCold    + + +     Gourm    .   n - +2 shield {rC+}
rNeg     + + .     Faith    .   D - +3 leather armour "Jearierph" {*Drain rF+ MP+9}
rPois    +         Spirit   .   s - +3 hat of Pondering {ponderous, MR+ MP+10 Int+5}
rElec    .         Reflect  +   P - scarf {rC+ rF+}
rCorr    .         Harm     .   H - +1 pair of gloves of Nypuc {Int+4}
MR       +++..                  Z - +0 pair of boots
Stlth    +++++++++.             S - +5 amulet of reflection
HPRegen  0.14/turn              W - +4 ring of evasion
MPRegen  0.33/turn              K - ring of ice

@: icy armour, regenerating slowly, wreathed by umbra, slow
A: fangs 3, horns 1, icy blue scales 1, see invisible, poison resistance,
unbreathing, subdued magic 1
}: 1/15 runes: gossamer
a: Bat Form, Shadow Step, Shadow Form, Renounce Religion


You were on level 2 of the Swamp.
You worshipped Dithmenos.
Dithmenos was exalted by your worship.
You were very thirsty.

You visited 7 branches of the dungeon, and saw 31 of its levels.
You also visited: Labyrinth and Ice Cave.

You collected 2978 gold pieces.
You spent 698 gold pieces at shops.

Inventory:

Hand Weapons
 F - the +6 mace of Ru's Whim (weapon) {freeze, rPois MR+ Str-3 Int+5}
   (You found it on level 5 of the Dungeon)

   It has been specially enchanted to freeze those struck by it, causing extra
   injury to most foes and up to half again as much damage against particularly
   susceptible opponents.
   It can also slow down cold-blooded creatures.
   It affects your strength (-3).
   It affects your intelligence (+5).
   It protects you from poison.
   It affects your resistance to hostile enchantments.
Missiles
 t - 26 tomahawks (quivered)
 U - 2 throwing nets
Armour
 n - a +2 shield of cold resistance (worn)
 s - the +3 hat of Pondering (worn) {ponderous, MR+ MP+10 Int+5}
   (You bought it in a shop on level 7 of the Dungeon)

   It affects your intelligence (+5).
   It affects your resistance to hostile enchantments.
   It affects your magic capacity (+10).
 D - the +3 leather armour "Jearierph" (worn) {*Drain rF+ MP+9}
   (You bought it in a shop on level 5 of the Dungeon)

   It protects you from fire.
   It affects your magic capacity (+9).
   It causes draining when unequipped.
 H - the +1 pair of gloves of Nypuc (worn) {Int+4}
   (You found it on level 4 of the Lair of Beasts)

   It affects your intelligence (+4).
 M - a +1 robe of fire resistance
 O - a +0 buckler
 P - a scarf of resistance (worn)
 Z - a +0 pair of boots (worn)
Magical Staves
 Q - an uncursed staff of summoning
Jewellery
 w - an uncursed ring of magical power
 C - an uncursed ring of teleportation
 K - a ring of ice (right hand)
 S - a +5 amulet of reflection (around neck)
 W - a +4 ring of evasion (left hand)
Wands
 j - a wand of iceblast (35)
 q - a wand of polymorph (41)
 I - a wand of acid (41)
 J - a wand of disintegration (18)
 L - a wand of scattershot (6)
 N - a wand of paralysis (53)
Scrolls
 b - 6 scrolls of enchant weapon
 e - 3 scrolls of magic mapping
 h - 22 scrolls of identify
 i - 13 scrolls of remove curse
 k - 2 scrolls of enchant armour
 o - 7 scrolls of amnesia
 y - 3 scrolls of blinking
 z - 3 scrolls of fog
 A - 2 scrolls of fear
 B - 12 scrolls of teleportation
Potions
 a - 5 potions of haste
 d - 3 potions of ambrosia
 f - 11 potions of heal wounds
 g - 4 potions of might
 l - 14 potions of curing
 r - a potion of flight
 u - 2 potions of berserk rage
 v - a potion of mutation
 x - 7 potions of cancellation
 G - a potion of agility
 R - 6 potions of brilliance
 V - 3 potions of magic
 X - 4 potions of resistance
Books
 m - a book of Beasts

   Spells                             Type                      Level
   a - Summon Butterflies             Summoning                    1
   b - Call Canine Familiar           Summoning                    3
   c - Summon Ice Beast               Ice/Summoning                4
   d - Summon Mana Viper              Hexes/Summoning              5
   e - Summon Hydra                   Summoning                    7
 p - a book of Debilitation

   Spells                             Type                      Level
   a - Corona                         Hexes                        1
   b - Slow                           Hexes                        2
   c - Inner Flame                    Hexes/Fire                   3
   d - Portal Projectile              Hexes/Translocation          3
   e - Cause Fear                     Hexes                        4
   f - Leda's Liquefaction            Hexes/Earth                  4
Miscellaneous
 c - a box of beasts
 E - a fan of gales


   Skills:
 * Level 5.9 Fighting
 + Level 3.1 Armour
 * Level 11.3 Dodging
 + Level 9.5 Stealth
 - Level 4.0 Shields
 + Level 13.0 Spellcasting
 * Level 12.6 Conjurations
 - Level 5.0 Hexes
 + Level 2.7 Charms
 * Level 17.6 Ice Magic
 + Level 5.3 Invocations


You had 14 spell levels left.
You knew the following spells:

 Your Spells              Type           Power        Failure   Level  Hunger
a - Freeze                Ice            ####         0%          1    None
b - Throw Frost           Conj/Ice       ######       0%          2    None
c - Ozocubu's Armour      Chrm/Ice       #######.     1%          3    None
d - Throw Icicle          Conj/Ice       ########     1%          4    None
e - Summon Ice Beast      Ice/Summ       #######.     1%          4    None
f - Confuse               Hex            #####...     2%          3    None
g - Slow                  Hex            #####...     1%          2    None
h - Metabolic Englaciati  Hex/Ice        #######...   1%          5    None
i - Leda's Liquefaction   Hex/Erth       ####......   30%         4    None


Dungeon Overview and Level Annotations

Branches:
Dungeon (15/15)            Temple (1/1) D:6            Lair (6/6) D:8
  Swamp (2/4) Lair:3       Spider (4/4) Lair:4        Slime (0/5) Lair:6
    Orc (2/2) D:12         Vaults (0/5) D:14         Depths (1/5) D:15
    Elf: Orc:2

Altars:
Ashenzari
Cheibriados
Dithmenos
Elyvilon
Fedhas
Gozag
Hepliaklqana
Kikubaaqudgha
Makhleb
Nemelex Xobeh
Okawaru
Qazlal
Ru
Sif Muna
Trog
Uskayaw
Vehumet
Wu Jian
Xom
Yredelemnul
Zin
The Shining One

Shops:
D:5 *   D:6 =   D:7 [   D:10 **:

Annotations:
Swamp:2 Nikola
Spider:3 exclusion: Roxanne, Roxanne


Innate Abilities, Weirdness & Mutations

You heal slowly.
You have razor-sharp teeth.
You have supernaturally acute eyesight. (SInv)
You can survive without breathing.
You have a pair of small horns on your head.
You are partially covered in icy blue scales. (AC +2)
Your system is resistant to poisons. (rPois)
Your spells are a little easier to cast, but a little less powerful.


Message History

You feel a surge of power!
The shard of ice hits the spriggan rider.
You kill the spriggan!
Dithmenos accepts your kill.
The hornet is severely wounded.
Your shadow mimicks your spell!
The shadow shard hits the hornet.
You kill the hornet!
Dithmenos accepts your kill.
Things that are here:
a blowgun; an uncursed spear; a hornet corpse
Casting: Throw Icicle
Confirm with . or Enter, or press ? or * to list all spells.
You feel a surge of power! A film of ice covers your body!
Nikola gestures wildly while chanting.
You hear a mighty clap of thunder!
The lightning arc hits you!
* * * LOW HITPOINT WARNING * * *
The lightning arc hits Nikola.
The lightning arc hits you!
You die...

≈≈≈≈≈..≈♣♣.<........≈≈
≈≈≈≈≈.♣...≈♣.....≈≈.≈≈
≈≈≈≈≈..≈≈.≈..≈≈≈≈≈≈≈≈≈
..≈≈≈.≈≈≈≈≈≈@≈≈≈≈≈≈≈≈≈
.../...≈≈≈≈≈≈≈≈≈≈≈≈≈≈≈
.....≈.≈≈≈≈≈.)≈≈≈≈≈≈≈≈
§..≈≈...>≈≈≈≈..≈≈≈≈≈..
≈≈.≈≈≈≈..≈≈≈≈.≈≈≈≈≈≈..
...≈≈≈≈≈≈≈≈..@≈≈≈≈≈.≈♣
.≈..≈≈.≈≈≈<≈≈.≈≈≈≈..♣♣
♣♣.≈≈....♣♣♣♣.≈≈≈≈≈♣♣
♣≈≈≈≈≈..♣ ♣♣..≈≈.≈.
♣≈...♣♣♣♣ ♣♣♣..≈♣≈♣
♣♣..♣ ♣♣≈♣♣♣ ♣≈. ♣♣ ♣♣


You could see Nikola.

Vanquished Creatures
  Arachne (Spider:2)
  Rupert (Spider:1)
  Asterion (Spider:3)
  The ghost of tensugalgo the Warrior, an adept BaFi of Okawaru (Spider:3)
  Gastronok (Lair:3)
  A thorn hunter (Swamp:1)
  Donald (Spider:1)
  4 ghost moths
  3 emperor scorpions (Spider:4)
  Nessos (Lair:4)
  5 entropy weavers
  A dire elephant (Lair:6)
  3 spark wasps
  A minotaur (Lab)
  A fire dragon (D:15)
  Snorg (D:11)
  A vault guard (D:14)
  An ice dragon (D:15)
  5 alligators
  2 centaur warriors (D:14)
  A merfolk avatar (Lair:6)
  11 hydras
  3 two-headed ogres
  A deep troll shaman (Depths:1)
  8 death scarabs (Spider:4)
  3 tengu warriors (D:14)
  5 death yaks
  Nergalle (D:11)
  2 sea snakes (Lair:6)
  2 deep trolls (D:15)
  An unseen horror (D:12)
  2 shambling mangroves
  6 spectral wolf spiders (Spider:4)
  20 orb spiders
  Pikel (D:6)
  A necromancer (IceCv)
  A deep elf mage (D:13)
  4 ugly things (D:15)
  2 oklob plants
  An orc sorcerer (Orc:1)
  34 wolf spiders
  2 cyclopes
  3 wolf spider zombies
  7 black mambas
  2 moths of wrath (Spider:4)
  2 manticores
  4 elephants
  A torpor snail (Lair:3)
  A gargoyle (D:14)
  2 ice statues (IceCv)
  Maurice (Orc:1)
  13 spiny frogs
  3 rime drakes
  17 demonic crawlers
  5 spectral redbacks (Spider:4)
  2 redback zombies
  16 komodo dragons
  6 ice devils (IceCv)
  A tengu conjurer (D:14)
  A wind drake (Lair:6)
  A queen bee (D:14)
  7 polar bears
  5 trolls
  21 hornets
  3 meliai (D:14)
  2 tyrant leeches
  44 jumping spiders
  Prince Ribbit (D:6)
  18 slime creatures
  4 spectral tarantellas (Spider:4)
  A meliai zombie (D:14)
  4 spectral jumping spiders (Spider:4)
  11 hippogriffs
  A tarantella zombie (Spider:4)
  2 dream sheep (D:8)
  A jumping spider zombie (Spider:4)
  5 bog bodies
  A shadow (Swamp:2)
  102 redbacks
  11 wyverns
  2 spriggans (Swamp:2)
  37 tarantellas
  Sigmund (D:3)
  2 wraiths
  4 water elementals (D:15)
  52 yaks
  2 hungry ghosts
  A basilisk (D:8)
  13 vampire mosquitoes
  12 insubstantial wisps
  6 swamp worms
  2 wargs (Orc:2)
  Duvessa (D:7)
  A spectral hornet (Spider:4)
  9 porcupines
  17 water moccasins
  2 swamp drakes (Swamp:1)
  5 sky beasts
  4 black bears
  An ice beast (D:11)
  9 orc warriors
  A necrophage (D:11)
  An eye of draining (D:11)
  3 phantoms
  6 ogres
  7 wolves
  3 centaurs
  25 crocodiles
  4 big kobolds
  15 bullfrogs
  A gnoll sergeant (D:6)
  A wyvern zombie (D:12)
  Dowan (D:7)
  A wyvern skeleton (D:14)
  A scorpion (D:4)
  12 killer bees (D:14)
  7 wights
  4 howler monkeys
  8 electric eels
  7 crimson imps
  A quasit (D:11)
  A lava snake (D:12)
  5 centaur zombies
  A draconian simulacrum (IceCv)
  Crazy Yiuf (D:5)
  5 centaur skeletons
  21 orc wizards
  2 jellies
  7 hounds
  10 orc priests
  8 iguanas
  Natasha (thrice) (D:3)
  Terence (D:3)
  2 troll simulacra (IceCv)
  10 worker ants
  2 spriggan simulacra (IceCv)
  A centaur simulacrum (IceCv)
  A hound zombie (D:6)
  A hound skeleton (D:8)
  6 gnolls
  2 howler monkey skeletons
  A naga simulacrum (IceCv)
  24 adders
  3 ogre simulacra (IceCv)
  2 shadow imps
  An ooze (D:3)
  2 adder skeletons
  5 worms
  3 dart slugs
  5 leopard geckos
  76 orcs
  2 bats
  4 giant cockroaches
  10 goblins
  8 hobgoblins
  22 jackals
  5 quokkas
  A ball python (D:2)
  7 frilled lizards
  A jackal zombie (D:5)
  15 kobolds
  A leopard gecko skeleton (D:8)
  A leopard gecko zombie (D:9)
  6 rats
  2 butterflies (Lair:4)
  A plant (Lair:1)
1070 creatures vanquished.

Vanquished Creatures (collateral kills)
  Jorgrun (Spider:3)
  2 ghost moths
  8 killer bees (D:14)
11 creatures vanquished.

Vanquished Creatures (others)
  A slave (D:6)
  A worker ant (D:6)
  3 fungi
  27 plants
32 creatures vanquished.

Grand Total: 1113 creatures vanquished

Notes
Turn   | Place    | Note
-------+----------+-------------------------------------------
     0 | D:1      | Jhinris the Vampire Ice Elementalist began the quest for the Orb.
     0 | D:1      | Reached XP level 1. HP: 13/13 MP: 3/3
    69 | D:1      | Reached XP level 2. HP: 12/19 MP: 5/5
   626 | D:2      | Reached XP level 3. HP: 24/24 MP: 6/6
   630 | D:2      | Learned a level 2 spell: Throw Frost
   634 | D:2      | Learned a level 3 spell: Ozocubu's Armour
   970 | D:2      | Reached skill level 1 in Conjurations
  1012 | D:2      | Reached skill level 4 in Ice Magic
  1012 | D:2      | Reached XP level 4. HP: 24/30 MP: 7/7
  1066 | D:2      | Found an iron altar of Okawaru.
  1848 | D:3      | Reached XP level 5. HP: 23/35 MP: 3/9
  2423 | D:3      | Noticed Sigmund
  2437 | D:3      | Noticed Natasha
  2458 | D:3      | Killed Natasha
  3472 | D:3      | Reached skill level 5 in Ice Magic
  3472 | D:3      | Reached XP level 6. HP: 33/41 MP: 3/10
  3653 | D:3      | Noticed Terence
  3673 | D:3      | Killed Terence
  3782 | D:3      | Noticed Natasha
  3840 | D:3      | Killed Natasha
  3856 | D:3      | Found a sparkling altar of Nemelex Xobeh.
  3926 | D:3      | Noticed Natasha
  3930 | D:3      | Killed Natasha
  3977 | D:3      | Learned a level 4 spell: Throw Icicle
  4094 | D:3      | Killed Sigmund
  4094 | D:3      | Reached skill level 5 in Stealth
  4094 | D:3      | Reached XP level 7. HP: 10/47 MP: 9/12
  4833 | D:4      | Reached skill level 6 in Ice Magic
  5133 | D:5      | Entered Level 5 of the Dungeon
  5331 | D:5      | Reached XP level 8. HP: 36/53 MP: 12/14
  5381 | D:5      | Found a runed door.
  5448 | D:5      | Found Pataleyt's Assorted Antiques.
  5492 | D:5      | Bought an ichor-stained leather armour for 168 gold pieces
  5512 | D:5      | Identified the +3 leather armour "Jearierph" {*Drain rF+ MP+9} (You bought it in a shop on level 5 of the Dungeon)
  5559 | D:5      | Reached skill level 7 in Ice Magic
  5640 | D:5      | Found an opulent altar of Gozag.
  5876 | D:5      | Bought 2 amethyst potions for 43 gold pieces
  5876 | D:5      | Bought a metallic coppery potion for 21 gold pieces
  5876 | D:5      | Bought a fizzy red potion for 21 gold pieces
  5876 | D:5      | Bought an inky potion for 21 gold pieces
  5909 | D:5      | Noticed Crazy Yiuf
  5915 | D:5      | Killed Crazy Yiuf
  5917 | D:5      | Got a dazzling mace
  5924 | D:5      | Identified the +6 mace of Ru's Whim {freeze, rPois MR+ Str-3 Int+5} (You found it on level 5 of the Dungeon)
  6139 | D:6      | Reached skill level 1 in Fighting
  6226 | D:6      | Found a sacrificial altar of Ru.
  6258 | D:6      | Noticed Pikel
  6288 | D:6      | Killed Pikel
  6288 | D:6      | Reached skill level 5 in Spellcasting
  6288 | D:6      | Reached skill level 8 in Ice Magic
  6336 | D:6      | Reached XP level 9. HP: 27/59 MP: 16/16
  6661 | D:6      | Found a staircase to the Ecumenical Temple.
  6767 | D:6      | Found an opulent altar of Gozag.
  6773 | D:6      | Found Wuthreurgh's Jewellery Shoppe.
  6783 | D:6      | Noticed Prince Ribbit
  6790 | D:6      | Killed Prince Ribbit
  7384 | Temple   | Entered the Ecumenical Temple
  7601 | Temple   | Became a worshipper of Dithmenos the Shadowed
  7710 | D:7      | Noticed Dowan
  7714 | D:7      | Noticed Duvessa
  7734 | D:7      | Killed Duvessa
  7734 | D:7      | Reached skill level 1 in Charms
  7742 | D:6      | Reached skill level 9 in Ice Magic
  7976 | D:7      | Killed Dowan
  8113 | D:7      | Reached skill level 5 in Dodging
  8136 | D:7      | Found Haet's Armour Shoppe.
  8622 | D:5      | Bought 2 amethyst potions for 43 gold pieces
  8722 | D:8      | Reached * piety under Dithmenos
  9011 | D:8      | Reached XP level 10. HP: 61/68 MP: 8/19
  9049 | D:8      | Noticed an elephant
  9189 | D:8      | Killed an elephant
  9361 | D:8      | Found a staircase to the Lair.
  9396 | D:8      | Reached skill level 10 in Ice Magic
  9580 | D:8      | Found a deep blue altar of Sif Muna.
  9581 | D:8      | Found a hide-covered altar of Uskayaw.
  9582 | D:8      | Found a white marble altar of Elyvilon.
  9582 | D:8      | Found a sparkling altar of Nemelex Xobeh.
  9702 | D:8      | Found a stormy altar of Qazlal.
  9742 | D:8      | Reached skill level 5 in Conjurations
  9870 | D:8      | Reached skill level 1 in Shields
 10008 | D:8      | Reached ** piety under Dithmenos
 10090 | D:8      | Noticed a three-headed hydra
 10099 | D:8      | Killed a three-headed hydra
 10343 | D:9      | Found a shimmering altar of Xom.
 10873 | D:9      | Reached skill level 11 in Ice Magic
 10953 | D:9      | Reached *** piety under Dithmenos
 11051 | D:9      | Found a hazy altar of Hepliaklqana.
 11374 | D:10     | Entered Level 10 of the Dungeon
 11416 | D:10     | Gained mutation: You are partially covered in icy blue scales. (AC +2) [potion of mutation]
 11416 | D:10     | Gained mutation: Your system is resistant to poisons. (rPois) [potion of mutation]
 11416 | D:10     | Gained mutation: Your spells are a little easier to cast, but a little less powerful. [potion of mutation]
 11416 | D:10     | Gained mutation: You have a pair of small horns on your head. [potion of mutation]
 11440 | D:10     | Reached XP level 11. HP: 73/73 MP: 21/21
 11714 | D:10     | Found Ygra's General Store.
 11718 | D:10     | Found Korhaelu's General Store.
 11819 | D:10     | Found Qiareud's Book Boutique.
 12620 | D:11     | Reached **** piety under Dithmenos
 12651 | D:11     | Noticed Snorg
 12656 | D:11     | Killed Snorg
 12729 | D:11     | Noticed Nergalle
 12853 | D:11     | Killed Nergalle
 13557 | D:12     | Found a staircase to the Orcish Mines.
 14513 | D:12     | Reached skill level 12 in Ice Magic
 14645 | D:12     | Noticed an unseen horror
 14647 | D:12     | Killed an unseen horror
 14894 | D:12     | Reached ***** piety under Dithmenos
 15232 | D:13     | Reached XP level 12. HP: 75/80 MP: 23/23
 15540 | D:13     | Noticed a two-headed ogre
 15565 | D:13     | Killed a two-headed ogre
 16656 | Lair:1   | Entered Level 1 of the Lair of Beasts
 17204 | Lair:1   | Reached skill level 13 in Ice Magic
 17265 | Lair:1   | Reached skill level 1 in Invocations
 18189 | Lair:1   | Learned a level 4 spell: Summon Ice Beast
 18193 | Lair:1   | Learned a level 3 spell: Confuse
 18464 | Lair:2   | Found a labyrinth entrance.
 18474 | Lair:2   | Got a polished long sword
 18477 | Lair:2   | Identified the cursed +0 long sword "Ebiminay" {pain, rPois} (You found it on level 2 of the Lair of Beasts)
 18485 | Lab      | Entered a labyrinth
 21490 | Lab      | Noticed a minotaur
 21491 | Lab      | Found the +10 dark maul {crush}
 21581 | Lab      | Killed a minotaur
 21581 | Lab      | Reached skill level 5 in Invocations
 21588 | Lab      | Got spiked ice dragon scales
 21589 | Lab      | Identified the +1 ice dragon scales of the Locust {rF- rC++ Dex+8} (You found it in a labyrinth)
 21726 | Lair:2   | Noticed a seven-headed hydra
 21750 | Lair:2   | Reached XP level 13. HP: 33/86 MP: 1/25
 22280 | Lair:2   | Reached skill level 1 in Hexes
 22885 | Lair:3   | Found a staircase to the Swamp.
 23353 | Lair:3   | Noticed Gastronok
 23431 | Lair:3   | Killed Gastronok
 24305 | D:7      | Bought the +3 hat of Pondering {ponderous, MR+ MP+10 Int+5} for 381 gold pieces
 24305 | D:7      | Found the +3 hat of Pondering {ponderous, MR+ MP+10 Int+5}
 24588 | Lair:4   | Found a frozen archway.
 24595 | Lair:4   | Reached skill level 5 in Hexes
 24722 | IceCv    | Entered an ice cave
 25747 | Lair:4   | Reached ****** piety under Dithmenos
 25750 | Lair:4   | Reached skill level 14 in Ice Magic
 25851 | Lair:4   | Found a hole to the Spider Nest.
 25894 | Lair:4   | Got a pair of faintly humming gloves
 25905 | Lair:4   | Identified the +1 pair of gloves of Nypuc {Int+4} (You found it on level 4 of the Lair of Beasts)
 26068 | Lair:4   | Noticed Nessos
 26076 | Lair:4   | Killed Nessos
 26530 | Lair:5   | Reached skill level 1 in Armour
 26731 | Lair:5   | Reached XP level 14. HP: 86/93 MP: 6/27
 27192 | Lair:6   | Entered Level 6 of the Lair of Beasts
 27264 | Lair:6   | Reached skill level 10 in Spellcasting
 28104 | Lair:6   | Learned a level 2 spell: Slow
 28110 | Lair:6   | Learned a level 5 spell: Metabolic Englaciation
 28880 | Lair:6   | Found a staircase to the Slime Pits.
 30020 | D:14     | Reached skill level 10 in Conjurations
 30276 | D:14     | Found a gate to the Vaults.
 30583 | D:14     | Reached skill level 15 in Ice Magic
 30723 | D:15     | Entered Level 15 of the Dungeon
 31570 | D:15     | Found a staircase to the Depths.
 31693 | D:15     | Reached XP level 15. HP: 98/98 MP: 30/30
 32302 | Spider:1 | Entered Level 1 of the Spider Nest
 32385 | Spider:1 | Noticed Rupert
 32397 | Spider:1 | Killed Rupert
 32914 | Spider:1 | Got a faintly humming leather armour
 32915 | Spider:1 | Identified the +2 leather armour of Lyc Ituwn {rC+ rCorr} (You found it on level 1 of the Spider Nest)
 33558 | Spider:1 | Noticed Donald
 33737 | Spider:1 | Killed Donald
 34444 | Spider:2 | Learned a level 4 spell: Leda's Liquefaction
 35376 | Spider:2 | Noticed a ghost moth
 36038 | Spider:2 | Killed a ghost moth
 36138 | Spider:2 | Noticed Arachne
 36304 | Spider:2 | Reached skill level 16 in Ice Magic
 36535 | Spider:2 | Noticed a ghost moth
 36908 | Spider:2 | Killed a ghost moth
 37109 | Spider:2 | Killed Arachne
 37252 | Spider:2 | Reached skill level 10 in Dodging
 37253 | Spider:2 | Reached XP level 16. HP: 79/104 MP: 28/31
 37847 | Spider:3 | Noticed Roxanne
 38563 | Spider:3 | Noticed tensugalgo's ghost (adept BaFi)
 38946 | Orc:1    | Entered Level 1 of the Orcish Mines
 38946 | Orc:1    | Noticed Maurice
 38948 | Orc:1    | Killed Maurice
 39935 | Spider:3 | Killed tensugalgo's ghost
 40635 | Spider:3 | Noticed Jorgrun
 40642 | Spider:3 | Killed Jorgrun
 41096 | Spider:3 | Noticed Asterion
 41108 | Spider:3 | Killed Asterion
 41972 | Spider:4 | Entered Level 4 of the Spider Nest
 44614 | Spider:4 | Reached skill level 17 in Ice Magic
 45444 | Orc:2    | Entered Level 2 of the Orcish Mines
 48222 | Spider:4 | Reached skill level 5 in Fighting
 48997 | Spider:4 | Reached XP level 17. HP: 84/115 MP: 33/33
 50364 | Spider:4 | Got a gossamer rune of Zot
 51243 | Depths:1 | Entered Level 1 of the Depths
 51976 | Swamp:1  | Entered Level 1 of the Swamp
 53701 | Swamp:2  | Noticed Nikola
 53809 | Swamp:2  | Killed from afar by Nikola

Skill      XL: |  1  2  3  4  5  6  7  8  9 10 11 12 13 14 15 16 17 |
---------------+----------------------------------------------------+-----
Conjurations   | 1 2 3 4 5 7 8 9 10 11 12 | 12.6
Stealth        | 4 5 6 7 8 9 |  9.5
Ice Magic      | 4 5 6 8 9 11 12 13 14 15 16 17 | 17.6
Spellcasting   | 3 4 5 6 7 8 9 11 12 13 | 13.0
Dodging        | 3 4 5 6 7 8 10 11 | 11.3
Fighting       | 1 2 3 5 |  5.9
Charms         | 1 2 |  2.7
Shields        | 2 4 |  4.0
Invocations    | 5 |  5.3
Hexes          | 5 |  5.0
Armour         | 1 2 3 |  3.1

Action                   |  1- 3 |  4- 6 |  7- 9 | 10-12 | 13-15 | 16-18 || total
-------------------------+-------+-------+-------+-------+-------+-------++-------
Melee: Whip              |    50 |    41 |       |       |       |       ||    91
       Unarmed           |     2 |       |       |       |     1 |     2 ||     5
       Bite              |     3 |     7 |    18 |    11 |     6 |     5 ||    50
       Dagger            |       |    32 |    95 |       |       |       ||   127
       Mace              |       |       |    93 |   132 |    58 |    51 ||   334
       Headbutt          |       |       |       |     7 |     3 |     2 ||    12
Throw: Stone             |       |     3 |     8 |     4 |       |       ||    15
       Tomahawk          |       |       |       |     5 |    25 |     9 ||    39
 Cast: Freeze            |    21 |    61 |    67 |    35 |    15 |    10 ||   209
       Throw Frost       |       |     9 |    28 |    86 |    75 |    33 ||   231
       Ozocubu's Armour  |       |     1 |    10 |    13 |    24 |    19 ||    67
       Throw Icicle      |       |       |    51 |   386 |   739 |   517 ||  1693
       Summon Ice Beast  |       |       |       |       |    17 |    21 ||    38
       Metabolic Englaci |       |       |       |       |     7 |     6 ||    13
 Abil: End Transformatio |       |     1 |     2 |     7 |    13 |    14 ||    37
       Bat Form          |       |     1 |     2 |     7 |    13 |    14 ||    37
Evoke: Sack of spiders   |       |       |       |       |     1 |       ||     1
  Use: Potion            |       |     4 |     9 |    25 |    14 |    11 ||    63
       Scroll            |       |       |       |    18 |     8 |       ||    26
 Stab: Sleeping          |     8 |     9 |    16 |     9 |     1 |       ||    43
       Distracted        |       |       |       |       |     1 |       ||     1
  Eat: Corpse            |       |       |     1 |     1 |     4 |     9 ||    15
Armor: Robe              |     7 |    22 |    22 |       |       |       ||    51
       Leather armour    |       |       |    73 |    88 |    66 |    80 ||   307
Dodge: Dodged            |    40 |    94 |   138 |   228 |   241 |   263 ||  1004
Block: Other             |       |       |    35 |     2 |     2 |     5 ||    44
       Buckler           |       |       |       |    26 |    87 |       ||   113
       Reflection        |       |       |       |       |     7 |     5 ||    12
       Shield            |       |       |       |       |    88 |   226 ||   314
